 Dungeon Crawl Stone Soup version 0.29.0-7-g18a832c13a (webtiles) character file.

Game seed: 9040613542444923182

11587 runemasterragnar the Transmogrifier (level 11, -2/93 HPs)
             Began as a Yellow Draconian Transmuter on Aug 30, 2022.
             Was an Elder of Vehumet.
             Killed from afar by a gargoyle (33 damage)
             ... with a stone arrow
             ... on level 11 of the Dungeon on Aug 31, 2022.
             The game lasted 00:31:05 (12179 turns).

runemasterragnar the Transmogrifier (DrTm)         Turns: 12179, Time: 00:31:06

Health: -2/93      AC: 14    Str: 13    XL:     11   Next: 51%
Magic:  14/21      EV: 13    Int: 17    God:    Vehumet [****..]
Gold:   558        SH:  5    Dex: 12    Spells: 8/23 levels left

rFire   x . .      SeeInvis .     - Unarmed
rCold   + . .      Faith    .   (shield currently unavailable)
rNeg    . . .      Spirit   .   (body armour unavailable)
rPois   .          Reflect  +   (helmet restricted)
rElec   .          Harm     .   n - +1 cloak
rCorr   +          Rampage  .   (gloves currently unavailable)
Will    .....                   U - +0 pair of boots {Stlth+}
Stlth   ++........              C - amulet of reflection
HPRegen 0.25/turn               f - +4 ring of protection
MPRegen 0.17/turn               j - ring of ice

@: blade hands (expiring)
A: spit acid, AC +7, unfitting armour, cold-blooded, acid resistance
a: Breathe Acid, End Transformation, Renounce Religion


You were on level 11 of the Dungeon.
You worshipped Vehumet.
Vehumet was greatly pleased with you.
You had blades for hands.
You visited 2 branches of the dungeon, and saw 14 of its levels.
You also visited: Bailey.

You collected 606 gold pieces.
You spent 48 gold pieces at shops.

Inventory:

Missiles
 J - 55 stones
Armour
 n - a +1 cloak (worn)
 r - a scarf of shadows
 U - a +0 pair of boots of stealth (worn)
Jewellery
 f - a +4 ring of protection (left blade hand)
 j - a ring of ice (right blade hand)
 u - a ring of protection from fire
 x - a ring of protection from fire
 C - an amulet of reflection (around neck)
 E - a ring of magical power
 I - a ring of positive energy
 R - a ring of see invisible
Wands
 t - a wand of iceblast (16)
 y - a wand of flame (25)
 M - a wand of paralysis (2)
Scrolls
 b - 2 scrolls of teleportation
 c - a scroll of enchant weapon {unknown}
 d - 2 scrolls of blinking
 i - a scroll of brand weapon
 k - a scroll of silence
 o - 2 scrolls of enchant armour
 p - a scroll of summoning
 s - a scroll of immolation {unknown}
 A - a scroll of vulnerability {unknown}
 B - 2 scrolls of acquirement {unknown}
 F - 5 scrolls of fear
 L - a scroll of magic mapping
 Q - 2 scrolls of butterflies
Potions
 a - 4 potions of lignification
 e - 2 potions of heal wounds
 h - 5 potions of brilliance
 m - a potion of ambrosia
 q - a potion of berserk rage
 v - 8 potions of curing
 w - a potion of magic
 z - 2 potions of flight
 G - 2 potions of might
 H - 3 potions of mutation {unknown}
 K - 2 potions of invisibility {unknown}
 O - 2 potions of cancellation
 P - a potion of resistance {unknown}
 S - a potion of haste


   Skills:
 + Level 7.7 Fighting
 - Level 4.3 Dodging
 - Level 5.2 Unarmed Combat
 + Level 6.9 Spellcasting
 * Level 8.3 Conjurations
 + Level 8.7 Transmutations
 * Level 7.7 Earth Magic


You had 8 spell levels left.
You knew the following spells:

 Your Spells              Type           Power      Damage    Failure   Level
a - Beastly Appendage     Tmut           70%        N/A       10%         1
b - Wereblood             Tmut           35%        N/A       12%         2
c - Spider Form           Tmut/Pois      20%        N/A       36%         3
d - Magic Dart            Conj           100%       1d8       3%          1
e - Sandblast             Erth           64%        2d14      3%          1
f - Searing Ray           Conj           68%        2d6       3%          2
g - Blade Hands           Tmut           17%        N/A       43%         5

Your spell library contained the following spells:

 Spells                   Type           Power      Damage    Failure   Level
 Ignite Poison            Fire/Tmut/Pois 15%        N/A       14%         3
 Static Discharge         Conj/Air       20%        3-6/arc   7%          2
 Scorch                   Fire           10%        2d5       21%         2
 Flame Wave               Conj/Fire      20%        2d7       21%         4
 Fulminant Prism          Conj/Hex       10%        3d9       21%         4
 Lightning Bolt           Conj/Air       10%        1d23      41%         5
 Ice Form                 Ice/Tmut       31%        N/A       61%         4
 Leda's Liquefaction      Hex/Erth       9%         N/A       67%         4
 Call Canine Familiar     Summ           5%         N/A       77%         3
 Gell's Gravitas          Tloc           5%         N/A       77%         3
 Portal Projectile        Hex/Tloc       10%        N/A       77%         3
 Teleport Other           Tloc           5%         N/A       77%         3
 Tukima's Dance           Hex            5%         N/A       77%         3
 Dispersal                Tloc           2%         N/A       100%        6
 Summon Cactus Giant      Summ           2%         N/A       100%        6
 Maxwell's Capacitive Co  Air            2%         ∞         100%        8


Dungeon Overview and Level Annotations

Branches:
Dungeon (13/15)            Temple (1/1) D:4            Lair (0/5) D:10
    Orc (0/2) D:9          Bailey (visited)
 Vaults: D:13-14

Altars:
Elyvilon
Fedhas
Hepliaklqana
Kikubaaqudgha
Nemelex Xobeh
Okawaru
Ru
Sif Muna
Trog
Uskayaw
Vehumet
Wu Jian

Shops:
D:11 *(?   D:12 *

Annotations:
D:11 Maurice


Innate Abilities, Weirdness & Mutations

You have blades for hands.
Your spellcasting is less reliable in this form.
You are incapable of wielding weapons or throwing items.
You can spit globs of acid.
Your golden yellow scales are hard. (AC +7)
You cannot fit into any form of body armour.
You are cold-blooded and may be slowed by cold attacks.
You are resistant to acid. (rCorr)


Message History

Maurice puts on a burst of speed!
There is an open door here.
The gargoyle hurls a stone arrow at you.
The stone arrow hits you!
Unknown command.
Okay, then.
Unknown command.
You barely miss Maurice. You tail-slap Maurice.
Maurice is lightly wounded.
You block Maurice's attack.
Unknown command.
You closely miss Maurice.
Maurice is lightly wounded.
Maurice closely misses you.
Unknown command.
You hit Maurice.
You tail-slap Maurice, but do no damage.
Maurice is lightly wounded.
Your transformation is almost over.
Maurice gestures wildly while chanting.
Maurice blinks!
The manticore flicks its tail.
The volley of spikes hits you but does no damage.
Your magical contamination has completely faded away.
Unknown command.
Maurice casts a spell.
Maurice blinks!
The gargoyle completely misses you. The manticore bites you!!
The manticore barely misses you.
The manticore claws you but does no damage.
There is an open door, spattered with blood here.
You slice the manticore!! You tail-slap the manticore.
The manticore is severely wounded.
Unknown command.
You slice the manticore!!
You kill the manticore!
Vehumet accepts your kill.
You feel your power returning.
The gargoyle hurls a stone arrow at you.
The stone arrow hits you!!
You die...

..<.....# #+#
........###..)....#
........'.#.......' ........#
#.......# ........# #.......#
####### ........#$#.@.....#
##..∩..## ........#.'...§...#
#..≈≈≈..# ####'#### #....9†.#
#.§§≈≈≈.# ###..# ##@# #.≈≈≈≈≈.#
#...## #..# #.≈§≈≈≈.# #.###
###.#### #..≈≈≈..# #'######
#......# ##.....## .......#
###......# ##.....# [......#
#........# ####.....#
.......####.#......###........#
.......'....#..........##.....#
.......#####..≈≈≈..############


You could see Maurice (swift) and a gargoyle.

Vanquished Creatures
  A hydra (D:10)
  A centaur warrior (D:13)
  A two-headed ogre (D:10)
  A wizard (D:10)
  2 orc knights (Bailey)
  A manticore (D:11)
  A troll (D:9)
  2 dream sheep (D:10)
  A shadow (D:10)
  A wyvern (D:7)
  A wraith (D:11)
  20 yaks
  3 steam dragons
  2 water moccasins
  An acid dragon (D:10)
  2 black bears
  4 ice beasts
  A sky beast (D:8)
  An ogre (D:5)
  11 orc warriors
  A centaur (D:8)
  4 kobold brigands
  3 bullfrogs
  A scorpion (D:6)
  4 killer bees (D:8)
  An electric eel (D:9)
  7 howler monkeys
  6 orc priests
  3 hounds
  Crazy Yiuf (D:2)
  A gnoll bouda (D:4)
  2 iguanas
  Terence (D:2)
  9 orc wizards
  Natasha (thrice) (D:4)
  5 gnolls
  11 adders
  2 white imps
  An ufetubus (D:7)
  A worm (D:4)
  4 dart slugs
  52 orcs
  9 bats
  5 endoplasms
  4 giant cockroaches
  16 goblins
  9 hobgoblins
  7 jackals
  2 quokkas
  3 ball pythons
  3 frilled lizards (D:1)
  13 kobolds
  5 rats
257 creatures vanquished.

Vanquished Creatures (others)
  A plant (D:10)
1 creature vanquished.

Grand Total: 258 creatures vanquished

Notes
Turn   | Place    | Note
-------+----------+-------------------------------------------
     0 | D:1      | runemasterragnar the Draconian Transmuter began the quest
                  | for the Orb.
     0 | D:1      | Reached XP level 1. HP: 16/16 MP: 3/3
   317 | D:1      | Reached XP level 2. HP: 23/23 MP: 3/5
  1102 | D:1      | Reached XP level 3. HP: 25/29 MP: 4/6
  1105 | D:1      | Learned a level 2 spell: Wereblood
  1109 | D:1      | Learned a level 3 spell: Spider Form
  1673 | D:2      | Reached XP level 4. HP: 32/36 MP: 5/7
  1785 | D:2      | Noticed Terence
  1795 | D:2      | Killed Terence
  2062 | D:2      | Found a faded altar of an unknown god.
  2115 | D:2      | Found a runed translucent door.
  2116 | D:2      | Noticed Crazy Yiuf
  2413 | D:2      | Killed Crazy Yiuf
  2414 | D:2      | Reached XP level 5. HP: 29/41 MP: 1/9
  3204 | D:4      | Noticed Natasha
  3210 | D:4      | Killed Natasha
  3472 | D:4      | Noticed Natasha
  3483 | D:4      | Killed Natasha
  3601 | D:4      | Noticed a black bear
  3613 | D:4      | Killed a black bear
  3614 | D:4      | Reached XP level 6. HP: 38/50 MP: 7/10
  3924 | D:4      | Noticed Natasha
  3942 | D:4      | Killed Natasha
  4026 | D:4      | Found a staircase to the Ecumenical Temple.
  4232 | Temple   | Entered the Ecumenical Temple
  4238 | Temple   | Became a worshipper of Vehumet
  4634 | D:5      | Entered Level 5 of the Dungeon
  4672 | D:5      | Your scales start taking on a golden yellow colour.
  4672 | D:5      | Reached XP level 7. HP: 56/57 MP: 7/12
  4672 | D:5      | Gained mutation: You are resistant to acid. (rCorr) [Yellow
                  | Draconian growth]
  5000 | D:5      | Reached * piety under Vehumet
  5000 | D:5      | Offered knowledge of Magic Dart by Vehumet.
  5050 | D:5      | Learned a level 1 spell: Magic Dart
  5074 | D:5      | Reached skill level 5 in Transmutations
  5568 | D:6      | Reached skill level 1 in Conjurations
  5680 | D:6      | Reached XP level 8. HP: 66/66 MP: 13/13
  5833 | D:6      | Reached skill level 5 in Unarmed Combat
  6242 | D:6      | Found an ornate altar of the Wu Jian Council.
  6483 | D:7      | Reached ** piety under Vehumet
  6483 | D:7      | Offered knowledge of Sandblast by Vehumet.
  6487 | D:7      | Learned a level 1 spell: Sandblast
  7052 | D:7      | Reached skill level 1 in Earth Magic
  7073 | D:7      | Found a shimmering blue altar of Sif Muna.
  7076 | D:7      | Found a white marble altar of Elyvilon.
  7204 | D:7      | Reached XP level 9. HP: 69/73 MP: 12/16
  7601 | D:8      | Reached skill level 5 in Fighting
  8299 | D:9      | Learned a level 2 spell: Searing Ray
  8472 | D:9      | Noticed a troll
  8498 | D:8      | Reached skill level 5 in Spellcasting
  8509 | D:8      | Offered knowledge of Scorch by Vehumet.
  8629 | D:8      | Reached *** piety under Vehumet
  8769 | D:8      | Found a bloodstained altar of Trog.
  8965 | D:8      | Reached skill level 5 in Conjurations
  9093 | D:8      | Learned a level 5 spell: Blade Hands
  9341 | D:8      | Reached XP level 10. HP: 46/83 MP: 8/18
  9402 | D:9      | Found a staircase to the Orcish Mines.
  9824 | D:9      | Reached skill level 5 in Earth Magic
  9897 | D:9      | Offered knowledge of Dazzling Flash by Vehumet.
 10001 | D:10     | Entered Level 10 of the Dungeon
 10002 | D:10     | Found a staircase to the Lair.
 10025 | D:10     | Found a flagged portal.
 10030 | Bailey   | Entered a bailey
 10108 | Bailey   | Noticed an orc knight
 10113 | Bailey   | Reached **** piety under Vehumet
 10122 | Bailey   | Killed an orc knight
 10128 | Bailey   | Offered knowledge of Ignite Poison by Vehumet.
 10213 | Bailey   | Noticed an orc knight
 10395 | Bailey   | Killed an orc knight
 10396 | Bailey   | Noticed an orc warlord
 10607 | D:10     | Identified the +1 robe of Resonance {Rampage}
 10642 | D:10     | Reached XP level 11. HP: 75/92 MP: 20/20
 10711 | D:10     | Noticed a three-headed hydra
 10718 | D:10     | Killed a three-headed hydra
 10970 | D:10     | Noticed a two-headed ogre
 10987 | D:10     | Killed a two-headed ogre
 11334 | D:10     | Noticed a wizard
 11343 | D:10     | Killed a wizard
 11754 | D:11     | You fall into a shaft and drop 2 floors!
 11936 | D:13     | Noticed a centaur warrior
 11947 | D:13     | Killed a centaur warrior
 12006 | D:12     | Found Kuwih's Assorted Antiques.
 12006 | D:12     | Noticed a deep elf pyromancer
 12010 | D:11     | Noticed a skeletal warrior
 12010 | D:11     | Noticed a skeletal warrior
 12010 | D:11     | Noticed a skeletal warrior
 12028 | D:11     | Noticed an eight-headed hydra
 12033 | D:11     | Found Wifaj's General Store.
 12116 | D:11     | Found Jomumeirr's Antique Weapon Boutique.
 12132 | D:11     | Found Tinleqib's Magic Scroll Shop.
 12144 | D:11     | Bought a scroll of identify for 24 gold pieces
 12144 | D:11     | Bought a scroll of identify for 24 gold pieces
 12172 | D:11     | Noticed Maurice
 12179 | D:11     | Killed from afar by a gargoyle

Illustrated notes

Levels and vault maps discovered:
D:1:      psy_arrival_basics, layout_basic, serial_forest,
          infiniplex_forest_straight_2, infiniplex_forest_end_3,
          infiniplex_forest_lined_2, infiniplex_forest_corner_2,
          infiniplex_forest_clump_medium
D:2:      layout_basic, hellmonk_ecumenical_altar_run_dry, uniq_terence,
          uniq_crazy_yiuf_cottage
D:3:      layout_basic, minmay_goblin_kobold_house
D:4:      layout_loops_ring, minmay_temple_entry_enclosed_plants,
          serial_co_window_serial, co_window_paths_a, co_window_paths_a,
          co_window_corner_a, co_window_paths_b, co_window_paths_a,
          co_window_unsneaky_path_c, co_window_corner_b, co_window_paths_c,
          glass_columns_b, glass_columns_a, glass_columns_a, glass_columns_c,
          glass_columns_a, uniq_natasha
D:5:      cheibrodos_thug_alley, layout_basic
D:6:      layout_loops_cross, mainiacjoe_overflow_chevrons
D:7:      wander_river, layout_basic, jmf_multi_god_temple
D:8:      layout_loops_corners, marbit_many_paths
D:9:      layout_big_octagon, orc_0_dummy
D:10:     layout_cave_pods, dpeg_oklobed_lair, enter_bailey_2,
          roderic_roman_lattice, hangedman_ranch
D:11:     layout_roguey, portal_ice_cave_entry_ice_simulacra, serial_shops,
          nicolae_shop_waterfront, nicolae_diamond_shop, nicolae_lakefront_shop,
          grunt_ministairs_1, uniq_maurice
D:12:     layout_basic, serial_shops, nicolae_shop_stone, lightli_minifort
D:13:     layout_long_grid, uniq_frances, uniq_erolcha
Temple:   eino_narrow_crystal_temple

Skill      XL: |  1  2  3  4  5  6  7  8  9 10 11 |
---------------+----------------------------------+-----
Dodging        | 2 3 4 |  4.3
Fighting       | 2 3 4 6 7 |  7.7
Transmutations | 3 4 5 6 7 8 |  8.7
Spellcasting   | 3 4 5 6 |  6.9
Unarmed Combat | 4 5 |  5.2
Conjurations   | 1 3 5 7 8 |  8.3
Earth Magic    | 1 4 6 7 |  7.7

Action                   |  1- 3 |  4- 6 |  7- 9 | 10-12 || total
-------------------------+-------+-------+-------+-------++-------
Melee: Unarmed           |   102 |   174 |   368 |   166 ||   810
       Kick              |    14 |    12 |    25 |       ||    51
       Tailslap          |    13 |     7 |    13 |    32 ||    65
       Headbutt          |     9 |     7 |    15 |       ||    31
       Punch             |     1 |       |     6 |    10 ||    17
 Cast: Beastly Appendage |    22 |    14 |    17 |       ||    53
       Spider Form       |     1 |    15 |    30 |     1 ||    47
       Sandblast         |       |       |    13 |     7 ||    20
       Blade Hands       |       |       |     3 |    21 ||    24
       Wereblood         |       |       |     3 |     7 ||    10
       Magic Dart        |       |       |     2 |     4 ||     6
       Searing Ray       |       |       |       |     2 ||     2
 Abil: Breathe Acid      |       |       |    18 |     8 ||    26
       End Transformatio |       |       |       |     1 ||     1
Evoke: Wand              |       |       |     5 |     3 ||     8
  Use: Scroll            |       |     5 |     5 |    14 ||    24
       Potion            |       |       |     3 |       ||     3
 Stab: Sleeping          |       |     1 |       |       ||     1
       Paralysed         |       |       |       |     4 ||     4
Armor: Skin              |    35 |    27 |   105 |    59 ||   226
Dodge: Dodged            |    62 |   130 |   284 |    90 ||   566
Block: Other             |       |       |    88 |    36 ||   124
       Reflection        |       |       |     1 |     1 ||     2
